AoeStats
← Chiqui Magia

Lombardia

508884552Analyzed
4v4 RM · 7d ago on Sep 24, 2026· 17m 43s· 8 players
Game mode
Random Map
Map size
Large (8 player)
Population
200
Speed
Normal
Resources
Standard
Victory
Conquest
Starting age
Dark Age
Ending age
Imperial Age
RankedLock teamsTeams togetherTeam positionsShared explorationLock speedFull tech treeHidden civsTurbo modeCheats
Victory
Defeat
🇦🇷 Ethiopians · Argentina
1512
+12
🇦🇷 Persians · Argentina
1493
+13
🇦🇷 Varangians · Argentina
1476
+13
🇦🇷 Saracens · Argentina
1458
+14
🇦🇷 Mongols · Argentina
1444
-14
1427
-13
🇹🇷 Huns · Türkiye
1412
-13
🇹🇼 Celts · Taiwan
1389
-12
[BadStart] The Shadow
1:10 Loom
11:00 Feudal Age
11:11 Loom
12:03 Double-Bit Axe
15:05 Castle Age
12:49 Horse Collar
14:07 Gold Mining
15:59 Bow Saw
15:51 Heavy Plow
wifi
6:43 Loom
9:02 Feudal Age
9:35 Double-Bit Axe
10:24 Horse Collar
14:20 Forging
14:47 Scale Barding Armor
15:53 Bloodlines
17:16 Wheelbarrow
潮喜歡說故事的洛洛
5:16 Loom
5:37 Loom
8:18 Feudal Age
10:12 Double-Bit Axe
12:53 Bloodlines
14:15 Horse Collar
16:01 Wheelbarrow
15:16 Town Watch
鐵之貝克
2:31 Loom
10:37 Feudal Age
17:42 Castle Age
16:59 Double-Bit Axe
16:57 Horse Collar
Chiqui Magia
5:05 Loom
9:20 Feudal Age
14:13 Fletching
17:56 Wheelbarrow
Fema
9:06 Feudal Age
9:07 Loom
11:36 Double-Bit Axe
14:27 Horse Collar
17:08 Wheelbarrow
[TOX2] A-c-Syno-666
6:37 Loom
9:15 Feudal Age
9:46 Double-Bit Axe
9:48 Horse Collar
14:12 Forging
15:42 Scale Barding Armor
[TOX2] satho
4:18 Loom
8:54 Feudal Age
15:11 Double-Bit Axe
15:07 Horse Collar
15:27 Horse Collar
15:52 Fletching
Connection lost

Rejoining the realm…

Still unreachable

The connection could not be restored.

Session expired

The server has moved on; the page needs a fresh start.